Construct Section Command Post
Selects Indian Artillery Battlegroup
Selects Towed ML 4.2-inch Heavy Mortar
Towed ML 4.2-inch Heavy Mortar
Construct Platoon Command Post
6-pounder Anti-tank Gun Team
6-pounder Anti-tank Gun Team
Construct Company Command Post
Construct Company Command Post
Construct Company Command Post
Selects Off-map Airburst Barrage
Selects Gurkha Rifles Section
Unlock M3 Grant Medium Tanks
Construct Field Infirmary
Unlock Towed 17-pounder Anti-tank Guns
17-pounder Anti-tank Gun Team
Selects Volunteer Infantry
Selects Volunteer Infantry
17-pounder Anti-tank Gun Team
Selects Perimeter Monitor
17-pounder Anti-tank Gun Team